 Dungeon Crawl Stone Soup version 0.23-a0-4-g8f018a2 (webtiles) character file.

296 prawnwizard the Ruffian (level 6, -6/47 HPs)
             Began as a Demonspawn Gladiator on July 31, 2018.
             Was a Follower of Qazlal.
             Killed by divine providence
             ... invoked by an orc priest
              (12 damage)
             ... on level 4 of the Dungeon.
             The game lasted 00:05:13 (3822 turns).

prawnwizard the Ruffian (Demonspawn Gladiator)      Turns: 3822, Time: 00:05:15

Health: -6/47      AC: 11    Str: 16    XL:     6   Next: 12%
Magic:  6/6        EV:  8    Int: 15    God:    Qazlal [*.....]
Gold:   160        SH:  6    Dex: 15    Spells: 5/5 levels left

rFire    . . .     SeeInvis .     - Unarmed
rCold    . . .     Gourm    .   (no shield)
rNeg     . . .     Faith    .   n - +0 chain mail
rPois    .         Spirit   .   b - +1 helmet
rElec    .         Reflect  .   (no cloak)
rCorr    .         Harm     .   m - +0 pair of gloves
MR       .....                  (no boots)
Stlth    ..........             (no amulet)
HPRegen  0.15/turn              h - +6 ring of intelligence
MPRegen  0.10/turn              f - ring of wizardry

@: no status effects
A: large bone plates 1, spiny 1, rot immunity
a: Renounce Religion


You were on level 4 of the Dungeon.
You worshipped Qazlal.
Qazlal was aware of your devotion.
You were hungry.

You visited 1 branch of the dungeon, and saw 4 of its levels.

You collected 160 gold pieces.

Inventory:

Missiles
 c - 3 throwing nets (quivered)
Armour
 a - a +0 leather armour
 b - a +1 helmet (worn)
 i - a +0 large shield
 m - a +0 pair of gloves (worn)
 n - a +0 chain mail (worn)
Jewellery
 f - a ring of wizardry (right hand)
 h - a +6 ring of intelligence (left hand)
Scrolls
 e - a scroll of fog
 j - a scroll of fear
 k - a scroll of identify
 v - a scroll of remove curse
Potions
 g - a potion of mutation
 l - a potion of cancellation {unknown}
 o - a potion of heal wounds {unknown}
 p - a potion of might {unknown}
Comestibles
 d - 11 rations


   Skills:
 + Level 3.6 Fighting
 - Level 1.7 Throwing
 + Level 3.8 Dodging
 * Level 4.8 Unarmed Combat


You had 5 spell levels left.
You didn't know any spells.
Your spell library was empty.

Dungeon Overview and Level Annotations

Branches:
Dungeon (4/15)
 Temple: D:4-7

Altars:
Cheibriados
Elyvilon
Gozag
Qazlal
Xom


Innate Abilities, Weirdness & Mutations

You are partially covered in large bone plates. (SH +4)
You are partially covered in sharp spines.
You are immune to rotting.


Message History

* * * LOW HITPOINT WARNING * * *
You hit the orc wizard.
The orc wizard is almost dead.
You block the orc wizard's attack.
You barely miss the orc wizard.
The orc wizard is almost dead.
The orc wizard points at you and mumbles some strange words.
You block the puff of flame.
You hit the orc wizard.
You kill the orc wizard!
Qazlal accepts your kill.
You have reached level 6!
Your experience leads to an increase in your attributes!
Your base attributes are Str 15, Int 9, Dex 15.
Increase (S)trength, (I)ntelligence, or (D)exterity?
You feel stronger.
Your demonic ancestry asserts itself...
You feel immune to rotting.
The orc priest mumbles some strange prayers to Beogh against you.
Beogh smites you!
You die...

#.# #.# ######.#
##########....... ####
#................ .....
#................
.....o###§.!.............
.....l.o@................
......###§.........####'#
.(... #..........####.#
.... ###+########.....
... #..... .. #..... .
#..... #..... #.....


You could see an iguana, an orc priest and an orc.

Vanquished Creatures
  A scorpion (D:4)
  An orc wizard (D:4)
  A jelly (D:3)
  Robin (D:3)
  A howler monkey skeleton (D:4)
  4 adders
  6 worms
  2 dart slugs
  4 leopard geckos
  5 orcs
  11 bats
  4 giant cockroaches
  16 goblins
  13 hobgoblins
  3 jackals (D:2)
  A quokka (D:2)
  3 frilled lizards
  11 kobolds
  7 rats
95 creatures vanquished.

Notes
Turn   | Place    | Note
-------+----------+-------------------------------------------
     0 | D:1      | prawnwizard the Demonspawn Gladiator began the quest for the Orb.
     0 | D:1      | Reached XP level 1. HP: 16/16 MP: 1/1
   272 | D:1      | Reached skill level 3 in Unarmed Combat
   273 | D:1      | Gained mutation: You are partially covered in large bone plates. (SH +4) [demonic ancestry]
   273 | D:1      | Reached XP level 2. HP: 10/22 MP: 2/2
   741 | D:1      | Reached XP level 3. HP: 25/28 MP: 3/3
  1558 | D:2      | Found a snail-covered altar of Cheibriados.
  1890 | D:2      | Gained mutation: You are partially covered in sharp spines. [demonic ancestry]
  1890 | D:2      | Reached XP level 4. HP: 30/34 MP: 4/4
  1967 | D:2      | Found a stormy altar of Qazlal.
  1975 | D:2      | Became a worshipper of Qazlal Stormbringer
  2609 | D:3      | Found a shimmering altar of Xom.
  2628 | D:3      | Reached skill level 4 in Unarmed Combat
  2809 | D:3      | Reached XP level 5. HP: 35/41 MP: 5/5
  2873 | D:3      | Noticed Robin
  2883 | D:3      | Reached * piety under Qazlal
  2904 | D:3      | Killed Robin
  2921 | D:3      | Found an opulent altar of Gozag.
  3328 | D:3      | Found a white marble altar of Elyvilon.
  3822 | D:4      | Gained mutation: You are immune to rotting. [demonic ancestry]
  3822 | D:4      | Reached XP level 6. HP: 5/47 MP: 6/6
  3822 | D:4      | Killed from afar by an orc priest

Vault maps used:
D:1:      minmay_arrival_split_and_join
D:2:      kennysheep_slug_shrine, grunt_qazlal_sundering, first_ration
D:3:      old_standard_altar, nicolae_overflow_hidden_temple,
          grunt_gozag_breadcrumbs, serial_co_window_serial, co_window_paths_a,
          co_window_paths_b, co_window_corner_a, co_window_paths_a,
          co_window_of_opportunity_a, co_window_paths_a, co_window_paths_c,
          co_window_of_opportunity_b, co_window_of_opportunity_b, uniq_robin
D:4:      overflow_temple_1_default

Skill      XL: |  1  2  3  4 |
---------------+-------------+-----
Unarmed Combat | 3 4 |  4.8
Dodging        | 3 |  3.8
Fighting       | 3 |  3.6
Throwing       | |  1.7

Action                   |  1- 3 |  4- 6 || total
-------------------------+-------+-------++-------
Melee: Unarmed           |   202 |   164 ||   366
       Punch             |     5 |     2 ||     7
  Use: Scroll            |       |    11 ||    11
  Eat: Chunk             |     2 |     7 ||     9
Armor: Leather armour    |    44 |    10 ||    54
       Chain mail        |       |    43 ||    43
Dodge: Dodged            |   109 |    61 ||   170
Block: Other             |    25 |    25 ||    50

Table legend:
 A = Spawn XP
 B = Non-spawn XP
 C = Spawn XP percentage of total XP
 D = Spawn monster count
 E = Non-spawn monster count
 F = Spawn count percentage of total count
 G = Total turns spent on level
                    A         B        C        D         E        F      G
               +---------+---------+-------+---------+---------+-------+---------
         Total |       0 |     423 |   0.0 |       0 |      95 |   0.0 |  3822
               +---------+---------+-------+---------+---------+-------+---------
           D:1 |       0 |      50 |   0.0 |       0 |      28 |   0.0 |  1426
           D:2 |       0 |      95 |   0.0 |       0 |      32 |   0.0 |  1126
           D:3 |       0 |     141 |   0.0 |       0 |      30 |   0.0 |  1056
           D:4 |       0 |     137 |   0.0 |       0 |       5 |   0.0 |   214
               +---------+---------+-------+---------+---------+-------+---------
